 Dungeon Crawl Stone Soup version 0.29.1-13-g9f3cf754e1 (webtiles) character file.

Game seed: 15020086307073801575

4 sircluck the Caller (level 1, 0/13 HPs)
             Began as a Merfolk Summoner on Jan 25, 2023.
             Slain by a quokka (3 damage)
             ... on level 1 of the Dungeon.
             The game lasted 00:00:48 (163 turns).

sircluck the Caller (Merfolk Summoner)               Turns: 163, Time: 00:00:48

Health: 0/13       AC:  2    Str:  8    XL:     1   Next: 70%
Magic:  2/3        EV: 13    Int: 14    God:
Gold:   11         SH:  0    Dex: 14    Spells: 3/4 levels left

rFire   . . .      SeeInvis .   (no weapon)
rCold   . . .      Faith    .   (no shield)
rNeg    . . .      Spirit   .   a - +0 robe
rPois   .          Reflect  .   (no helmet)
rElec   .          Harm     .   (no cloak)
rCorr   .          Rampage  .   (no gloves)
Will    .....                   (no boots)
Stlth   ++........              (no amulet)
HPRegen 0.04/turn               (no ring)
MPRegen 0.08/turn               (no ring)

@: no status effects
A: (nimble swimmer 2), mertail
a: no special abilities


You were on level 1 of the Dungeon.
You visited 1 branch of the dungeon, and saw 1 of its levels.

You collected 11 gold pieces.

Inventory:

Armour
 a - a +0 robe (worn)
 c - a +0 chain mail
Potions
 b - a potion of magic


   Skills:
 + Level 2.9 Dodging
 + Level 2.3 Stealth
 + Level 2.0 Spellcasting
 + Level 4.1 Summonings


You had 3 spell levels left.
You knew the following spells:

 Your Spells              Type           Power      Damage    Failure   Level
a - Summon Small Mammal   Summ           48%        N/A       4%          1

Your spell library contained the following spells:

 Spells                   Type           Power      Damage    Failure   Level
 Call Imp                 Summ           12%        N/A       7%          2
 Call Canine Familiar     Summ           12%        N/A       13%         3
 Summon Guardian Golem    Hex/Summ       7%         N/A       30%         3
 Summon Lightning Spire   Summ/Air       7%         N/A       71%         4


Dungeon Overview and Level Annotations

Branches:
Dungeon (1/15)

Altars:


Innate Abilities, Weirdness & Mutations

((You are very nimble when in or above water. (Stealth+, EV+, Speed+++)))
Your lower body shifts to a powerful aquatic tail in water.


Message History

The quokka bites you but does no damage.
You closely miss the quokka.
The quokka is severely wounded.
The quokka barely misses you.
Casting: Summon Small Mammal (safe; 4% risk of failure)
Press: ? - help, Q - select action Dir - look around, f - activate The quokka bites you but does no damage.
The quokka barely misses you. The quokka attacks as you move away!
The quokka closely misses you.
Your quokka bites the quokka.
The quokka dies!
You see here a quokka corpse.
You swap places.
A frilled lizard comes into view.
A goblin comes into view. It is wielding a +0 dagger.
The frilled lizard hisses angrily.
You swap places.
Your quokka bites the frilled lizard.
The frilled lizard dies!
Found 4 javelins.
The goblin hits your quokka with a +0 dagger.
A rat and a quokka come into view.
Your quokka closely misses the goblin.
The goblin barely misses your quokka.
Your quokka barely misses the goblin.
Your quokka bites the goblin.
The goblin hits your quokka but does no damage.
Your quokka bites the goblin.
The goblin dies!
Your quokka barely misses the rat.
Your quokka bites the rat.
The rat dies!
Your quokka disappears in a puff of smoke!
The quokka twitches its whiskers.
The quokka bites you. The quokka attacks as you move away!
The quokka bites you.
* * * LOW HITPOINT WARNING * * *
Casting: Summon Small Mammal (safe; 4% risk of failure)
Press: ? - help, Q - select action Dir - look around, f - activate The quokka twitches its whiskers.
The quokka bites you.
You die...

....## ##.# ...... ....
#.... .....
#....######.....
#...............
#..............≈ .8
###.....).b..≈~≈ ..#
#......r@≈~~≈~~.
...###......≈~≈.....# ##
....8#.†.............
.##.....#..........(....
..#8....................
..###...................
....##..................
.....##8#...............
....######..............


You could see a quokka (ally target) and a friendly bat (summoned).

Vanquished Creatures
  A frilled lizard (D:1)
1 creature vanquished.

Vanquished Creatures (collateral kills)
  A goblin (D:1)
  A quokka (D:1)
  A frilled lizard (D:1)
  A rat (D:1)
4 creatures vanquished.

Grand Total: 5 creatures vanquished

Notes
Turn   | Place    | Note
-------+----------+-------------------------------------------
     0 | D:1      | sircluck the Merfolk Summoner began the quest for the Orb.
     0 | D:1      | Reached XP level 1. HP: 13/13 MP: 3/3
   163 | D:1      | Slain by a quokka

Illustrated notes

Levels and vault maps discovered:
D:1:      ebering_hopf_link, layout_rooms, serial_corexii_hall,
          corexii_hall_statues_l, chequers_hall_statues_y,
          corexii_hall_statues_i, chequers_serial_rivers_small_a,
          nrook_mini_vaults

Action                   || total
-------------------------++-------
Melee: Unarmed           ||    18
 Cast: Summon Small Mamm ||     2
 Stab: Sleeping          ||     1
Armor: Robe              ||     2
Dodge: Dodged            ||    17
